AoeStats
← Simon Stokvis

MegaRandom

508031548Analyzed
4v4 RM · 11d ago on Sep 20, 2026· 26m 52s· 8 players
Game mode
Random Map
Map size
Large (8 player)
Population
200
Speed
Normal
Resources
Standard
Victory
Conquest
Starting age
Dark Age
Ending age
Imperial Age
RankedLock teamsTeams togetherTeam positionsShared explorationLock speedFull tech treeHidden civsTurbo modeCheats
Victory
Defeat
🇳🇱 Khmer · Netherlands
1508
+13
🇬🇧 Britons · United Kingdom
1349
+19
🇬🇧 Portuguese · United Kingdom
1349
+21
🇨🇦 Mongols · Canada
1342
+19
🇳🇱 Burgundians · Netherlands
1464
-19
🇹🇷 Persians · Türkiye
1438
-18
🇦🇿 Huns · Azerbaijan
1431
-18
🇺🇦 Magyars · Ukraine
1358
-15
Fox
9:31 Feudal Age
10:00 Loom
11:37 Double-Bit Axe
20:51 Castle Age
Window_of_Opportunity
4:40 Loom
9:45 Feudal Age
9:47 Double-Bit Axe
12:15 Bow Saw
12:47 Horse Collar
20:22 Castle Age
20:26 Scale Barding Armor
21:32 Chain Barding Armor
20:46 Light Cavalry
WeWereBornToFly
4:39 Loom
9:04 Feudal Age
9:42 Double-Bit Axe
9:37 Horse Collar
13:41 Wheelbarrow
14:58 Scale Barding Armor
17:00 Forging
25:18 Castle Age
23:17 Gold Mining
25:45 Bloodlines
25:12 Light Cavalry
26:14 Chain Barding Armor
25:56 Husbandry
27:44 Iron Casting
我放了个屁她顺风追了
9:03 Feudal Age
8:29 Loom
9:42 Double-Bit Axe
11:01 Horse Collar
16:57 Scale Barding Armor
21:44 Castle Age
20:21 Forging
20:51 Bloodlines
20:51 Gold Mining
22:15 Wheelbarrow
24:07 Husbandry
24:13 Light Cavalry
K9N
2:45 Loom
8:54 Loom
11:18 Feudal Age
15:21 Castle Age
13:58 Double-Bit Axe
16:13 Bow Saw
16:46 Horse Collar
21:32 Wheelbarrow
22:42 Town Watch
25:52 Gold Mining
25:52 Stone Mining
LuG_
6:29 Loom
9:01 Feudal Age
9:34 Double-Bit Axe
14:54 Fletching
20:52 Padded Archer Armor
20:52 Scale Mail Armor
22:17 Wheelbarrow
26:12 Castle Age
24:46 Town Watch
25:04 Horse Collar
25:58 Gold Mining
26:51 Bodkin Arrow
26:48 Crossbowman
Simon Stokvis
9:07 Feudal Age
10:22 Loom
12:04 Fletching
23:28 Castle Age
22:26 Double-Bit Axe
23:43 Crossbowman
24:37 Bodkin Arrow
26:20 Horse Collar
Hieminator
8:00 Loom
10:19 Feudal Age
23:38 Castle Age
21:59 Double-Bit Axe
21:55 Horse Collar
22:06 Gold Mining
24:07 Scale Barding Armor
25:09 Bloodlines
24:51 Fletching
Connection lost

Rejoining the realm…

Still unreachable

The connection could not be restored.

Session expired

The server has moved on; the page needs a fresh start.